 Dungeon Crawl Stone Soup version 0.24.0-13-gcf9b319 (webtiles) character file.

Game seed: 11667761193417944203, levelgen mode: deterministic

7779 Fang the Fighter (level 11, -1/71 HPs)
             Began as a Gargoyle Berserker on Nov 26, 2019.
             Was a High Priest of Trog.
             Slain by a troll (5 damage)
             ... on level 9 of the Dungeon.
             The game lasted 00:10:06 (8117 turns).

Fang the Fighter (Gargoyle Berserker)               Turns: 8117, Time: 00:10:07

Health: -1/71      AC: 20    Str: 25    XL:     11   Next: 20%
Magic:  11/11      EV:  9    Int:  7    God:    Trog [*****.]
Gold:   172        SH: 12    Dex:  9    Spells: 10/10 levels left

rFire    + . .     SeeInvis +   q - +5 broad axe (vamp)
rCold    + . .     Gourm    .   B - +2 shield
rNeg     + . .     Faith    .   b - +0 chain mail
rPois    ∞         Spirit   .   C - +1 hat {SInv}
rElec    +         Reflect  .   z - scarf {rC+ rF+}
rCorr    .         Harm     .   (no gloves)
MR       +++..                  (no boots)
Stlth    ..........             (no amulet)
HPRegen  1.21/turn              E - ring of protection from magic
MPRegen  0.12/turn              y - ring of flight

@: berserk cooldown, regenerating, slowed, very slow
A: negative energy resistance 1, electricity resistance, unbreathing,
petrification resistance, rot immunity, AC +8
a: Berserk, Trog's Hand, Brothers in Arms, Renounce Religion, Evoke Flight


You were on level 9 of the Dungeon.
You worshipped Trog.
Trog was extremely pleased with you.
You were very hungry.

You visited 2 branches of the dungeon, and saw 10 of its levels.

You collected 556 gold pieces.
You spent 384 gold pieces at shops.

Inventory:

Hand Weapons
 a - a +1 war axe
 q - a +5 vampiric broad axe (weapon)
 r - a +0 hand axe of flaming
Armour
 b - a +0 chain mail (worn)
 z - a scarf of resistance (worn)
 B - a +2 shield (worn)
 C - a +1 hat of see invisible (worn)
Jewellery
 d - an uncursed ring of see invisible
 y - a ring of flight (right hand)
 E - a ring of protection from magic (left hand)
 G - a +3 amulet of reflection {unknown}
Wands
 i - a wand of polymorph (12)
 m - a wand of random effects (13)
 t - a wand of flame (20)
 v - a wand of acid (4)
 w - a wand of paralysis (9)
 F - a wand of enslavement (8)
Scrolls
 e - a scroll of identify
 f - 3 scrolls of fog
 l - 5 scrolls of remove curse
 A - 2 scrolls of magic mapping
Potions
 g - a potion of heal wounds
 h - 5 potions of curing
 j - 2 potions of flight
 k - 3 potions of ambrosia
 n - a potion of brilliance
 o - 2 potions of haste
 p - 2 potions of agility
 s - a potion of might
 u - 2 potions of cancellation
 D - a potion of berserk rage
Comestibles
 c - 14 rations
 x - 8 chunks of flesh


   Skills:
 + Level 9.3 Fighting
 + Level 7.8 Axes
 + Level 9.0 Armour
 + Level 6.8 Dodging
 + Level 6.6 Shields


You had 10 spell levels left.
You didn't know any spells.
Your spell library was empty.

Dungeon Overview and Level Annotations

Branches:
Dungeon (9/15)             Temple (1/1) D:6             Orc (0/2) D:9
   Lair: D:8-11

Altars:
Cheibriados
Elyvilon
Fedhas
Kikubaaqudgha
Makhleb
Nemelex Xobeh
Qazlal
Ru
Sif Muna
Trog
Uskayaw
Xom
The Shining One

Shops:
D:5 ***%   D:9 [!!

Annotations:
D:7 exclusion: oklob plant
D:8 2 runed translucent doors


Innate Abilities, Weirdness & Mutations

You are resistant to torment.
Your stone body is resilient. (AC +8)
You are immune to poison.
You resist negative energy. (rN+)
You are resistant to electric shocks. (rElec)
You can survive without breathing.
You are immune to petrification.
You are immune to rotting.


Message History

You block the ogre's attack. The ogre hits you with a +0 giant club!
* * * LOW HITPOINT WARNING * * *
You block the ogre's attack.
Your two-headed ogre goes berserk!
You are starving!
The troll bites you but does no damage. You block the troll's attack.
The troll claws you but does no damage. You block the ogre's attack.
The troll bites you but does no damage. The troll claws you but does no damage.
The troll claws you!
* * * LOW HITPOINT WARNING * * *
Eat one of 9 chunks of flesh? (ye/n/q)
Okay, then.
Eat one of 9 chunks of flesh? (ye/n/q)
You eat one of the 9 chunks of flesh.
This raw flesh tastes terrible.
You are feeling very hungry.
The troll bites you!
* * * LOW HITPOINT WARNING * * *
The troll claws you but does no damage. The troll claws you.
You die...

.# #.# ... #.# #.#
#####.######
######...........
#..........O############...
.
##.###+###...@OOo.go........
. #..# #.#
#....TO..###)###... #
#..###.###........#
..8#.####
#..###_..+....∩...#
ooO#.....
#..###.###..####..#
OoK##.... #..# #.# #..#
##.## g..###..#
#..###'###..# #..# ..8#....†
#....[.....##
#.#########....#
#.###...#..#
#.#...........##


You could see a troll, 3 ogres, a gnoll sergeant, 2 orcs and a friendly
two-headed ogre (berserk).

Vanquished Creatures
  Joseph (D:9)
  A queen bee (D:9)
  A hornet (D:8)
  Grinder (D:4)
  A wyvern (D:8)
  4 yaks (D:7)
  Grum (D:9)
  Menkaure (D:5)
  3 soldier ants (D:8)
  4 water moccasins (D:8)
  2 sky beasts
  A black bear (D:9)
  2 ice beasts
  9 ogres
  An orc warrior (D:9)
  A phantom (D:7)
  2 wolves (D:9)
  A necrophage (D:9)
  4 centaurs
  A gnoll sergeant (D:9)
  7 bullfrogs
  3 scorpions
  23 killer bees
  3 howler monkeys
  5 crimson imps
  2 centaur zombies
  A bullfrog zombie (D:5)
  6 hounds
  6 orc wizards
  Crazy Yiuf (D:4)
  6 orc priests
  A bullfrog skeleton (D:7)
  2 centaur skeletons
  Jessica (D:2)
  An iguana (D:7)
  8 worker ants
  2 hound zombies
  A howler monkey zombie (D:6)
  13 adders
  2 shadow imps
  An ooze (D:1)
  An adder skeleton (D:5)
  An adder zombie (D:8)
  5 worms
  3 dart slugs
  A leopard gecko (D:2)
  32 orcs
  3 ball pythons
  4 giant cockroaches
  10 goblins
  6 hobgoblins
  7 jackals
  2 quokkas
  A ball python zombie (D:5)
  7 bats
  7 frilled lizards
  4 kobolds
  A leopard gecko skeleton (D:6)
  A quokka skeleton (D:4)
  4 rats
237 creatures vanquished.

Notes
Turn   | Place    | Note
-------+----------+-------------------------------------------
     0 | D:1      | Fang the Gargoyle Berserker began the quest for the Orb.
     0 | D:1      | Reached XP level 1. HP: 14/14 MP: 1/1
   245 | D:1      | Reached XP level 2. HP: 10/19 MP: 2/2
  1025 | D:1      | Reached XP level 3. HP: 23/23 MP: 3/3
  1075 | D:2      | Noticed a sky beast
  1100 | D:2      | Killed a sky beast
  1100 | D:2      | Reached XP level 4. HP: 21/29 MP: 4/4
  1100 | D:2      | Reached XP level 5. HP: 24/33 MP: 5/5
  1148 | D:2      | You fall into a shaft and drop 2 floors!
  1265 | D:4      | Found a runed translucent door.
  1266 | D:4      | Noticed Crazy Yiuf
  1300 | D:4      | Reached ** piety under Trog
  1358 | D:4      | Noticed Grinder
  1366 | D:4      | Paralysed by Grinder for 7 turns
  1380 | D:4      | Killed Grinder
  1380 | D:4      | Reached XP level 6. HP: 30/40 MP: 6/6
  1449 | D:4      | Reached skill level 5 in Fighting
  1453 | D:4      | Reached XP level 7. HP: 37/44 MP: 7/7
  1678 | D:4      | Killed Crazy Yiuf
  1846 | D:3      | Found a shimmering altar of Xom.
  1846 | D:3      | Found a sacrificial altar of Ru.
  1847 | D:3      | Found a burning altar of Makhleb.
  1848 | D:3      | Found a stormy altar of Qazlal.
  1848 | D:3      | Found an ancient bone altar of Kikubaaqudgha.
  1848 | D:3      | Found a white marble altar of Elyvilon.
  1867 | D:3      | Found a glowing golden altar of the Shining One.
  2706 | D:2      | Noticed Jessica
  2711 | D:2      | Killed Jessica
  2809 | D:2      | HP: 1/66 [ice beast (13)]
  2811 | D:2      | Reached *** piety under Trog
  2811 | D:2      | Reached skill level 5 in Armour
  2997 | D:2      | Found a bloodstained altar of Trog.
  3570 | D:5      | Entered Level 5 of the Dungeon
  3581 | D:5      | Reached XP level 8. HP: 44/51 MP: 8/8
  3631 | D:5      | Reached skill level 5 in Axes
  3869 | D:5      | Found a glowing golden altar of the Shining One.
  3912 | D:5      | Noticed Menkaure
  3919 | D:5      | Killed Menkaure
  3920 | D:5      | Found Yniupp's Assorted Antiques.
  3925 | D:5      | Bought a runed shield for 195 gold pieces
  3938 | D:5      | Found Gesh's Assorted Antiques.
  4012 | D:5      | Found Atra's Assorted Antiques.
  4067 | D:5      | Reached skill level 1 in Shields
  4135 | D:5      | Found Haresh's Food Shoppe.
  4523 | D:6      | Found a staircase to the Ecumenical Temple.
  4543 | Temple   | Entered the Ecumenical Temple
  4599 | D:6      | Reached XP level 9. HP: 46/56 MP: 9/9
  4791 | D:6      | Reached **** piety under Trog
  5182 | D:7      | Reached skill level 5 in Dodging
  5269 | D:7      | Reached XP level 10. HP: 16/64 MP: 10/10
  5563 | D:7      | Found a sparkling altar of Nemelex Xobeh.
  5811 | D:7      | Found a shimmering blue altar of Sif Muna.
  6098 | D:7      | Found a blossoming altar of Fedhas.
  6109 | D:7      | Noticed an oklob plant
  6712 | D:8      | Reached skill level 5 in Shields
  7058 | D:5      | Bought a glowing broad axe for 189 gold pieces
  7228 | D:8      | Found the +9 staff of Olgreb {rPois}
  7234 | D:8      | Found a runed translucent gate.
  7234 | D:8      | Found a runed translucent gate.
  7235 | D:8      | Found a runed translucent door.
  7269 | D:8      | Found a runed translucent gate.
  7272 | D:8      | Found a runed translucent door.
  7287 | D:8      | Reached ***** piety under Trog
  7533 | D:9      | Found Igorrip's Distillery.
  7533 | D:9      | Noticed Grum
  7537 | D:9      | Killed Grum
  7844 | D:9      | Reached XP level 11. HP: 71/71 MP: 11/11
  8004 | D:9      | Found Iffoahit's Distillery.
  8024 | D:9      | Found a snail-covered altar of Cheibriados.
  8045 | D:9      | Found Boinehie's Antique Armour Emporium.
  8045 | D:9      | Noticed Joseph
  8058 | D:9      | Killed Joseph
  8089 | D:9      | Found a staircase to the Orcish Mines.
  8117 | D:9      | Slain by a troll

Levels and vault maps discovered:
D:1:      dpeg_arrival_brainrot, layout_basic
D:2:      layout_loops_ring, st_stairs_3, bloody_trog, uniq_jessica
D:3:      layout_basic, grunt_temple_overflow_open
D:4:      layout_rooms, kennysheep_another_room, kennysheep_generic_room_4,
          uniq_grinder, uniq_crazy_yiuf_cottage
D:5:      layout_cave_pools, first_ration, serial_shops, nicolae_shop_stone,
          kennysheep_little_box, nicolae_shop_window_shopping,
          kennysheep_mini_moat, tso_metal_star, uniq_menkaure
D:6:      layout_loops_ring, minmay_temple_entry_sparse_star
D:7:      layout_basic, led_sif_book, nemelex_xobeh_ov_fountains_minmay,
          tgw_fedhas, serial_corexii_hall, chequers_hall_statues_wall_a,
          corexii_hall_statues_s
D:8:      layout_cave_pools, nicolae_overflow_hidden_temple,
          minmay_guarded_unrand_staff_of_olgreb
D:9:      layout_rooms, lemuel_doored_altar,
          kennysheep_orc_monster_closet_entryway, special_room
          [special_room_orc], serial_shops, shop, nicolae_shop_crystal, shop,
          david_nohive_1, uniq_joseph, uniq_maurice, uniq_grum
Temple:   eino_wide_crystal_templ

Skill      XL: |  1  2  3  4  5  6  7  8  9 10 11 |
---------------+----------------------------------+-----
Axes           | 3 4 5 6 7 |  7.8
Fighting       | 4 5 6 7 9 |  9.3
Armour         | 3 4 5 6 7 8 9 |  9.0
Dodging        | 2 3 4 5 6 |  6.8
Shields        | 2 4 6 |  6.6

Action                   |  1- 3 |  4- 6 |  7- 9 | 10-12 || total
-------------------------+-------+-------+-------+-------++-------
Melee: Hand axe          |    89 |    59 |   118 |       ||   266
       War axe           |       |       |   365 |   113 ||   478
       Broad axe         |       |       |       |   188 ||   188
Invok: Berserk           |     1 |     1 |     6 |     5 ||    13
       Trog's Hand       |       |       |     2 |     1 ||     3
       Brothers in Arms  |       |       |       |     2 ||     2
  Use: Scroll            |       |       |    10 |    12 ||    22
  Eat: Chunk             |     1 |     3 |    18 |     9 ||    31
       Ration            |       |       |       |     2 ||     2
Armor: Animal skin       |    18 |       |       |       ||    18
       Chain mail        |    23 |    51 |   301 |   283 ||   658
Dodge: Dodged            |    52 |    24 |   228 |   230 ||   534
Block: Shield            |       |       |   203 |   355 ||   558
